 Dungeon Crawl Stone Soup version 0.27.1 (webtiles) character file.

Game seed: 7275314804881222427

245 Malachi the Skirmisher (level 5, -3/42 HPs)
             Began as a Demonspawn Monk on Aug 25, 2021.
             Was a Priest of Kikubaaqudgha.
             Slain by a wyvern (12 damage)
             ... on level 4 of the Dungeon.
             The game lasted 00:04:01 (3742 turns).

Malachi the Skirmisher (Demonspawn Monk)            Turns: 3742, Time: 00:04:01

Health: -3/42      AC: 13    Str: 12    XL:     5   Next: 83%
Magic:  5/5        EV:  3    Int: 12    God:    Kikubaaqudgha [***...]
Gold:   118        SH:  0    Dex: 15    Spells: 1/4 levels left

rFire    . . .     SeeInvis +   a - +0 spear
rCold    . . .     Faith    .   (no shield)
rNeg     . . .     Spirit   .   c - +0 plate armour
rPois    .         Reflect  .   h - +1 helmet
rElec    .         Harm     .   (no cloak)
rCorr    .         Rampage  .   (no gloves)
Will     .....                  (no boots)
Stlth    ..........             (no amulet)
HPRegen  0.14/turn              n - ring of see invisible
MPRegen  0.09/turn              (no ring)

@: brilliant, flying
A: hooves 1, spiny 1, demonic magic 1
a: Renounce Religion, Receive Corpses


You were on level 4 of the Dungeon.
You worshipped Kikubaaqudgha.
Kikubaaqudgha was most pleased with you.
You visited 1 branch of the dungeon, and saw 4 of its levels.

You collected 118 gold pieces.

Inventory:

Hand Weapons
 a - a +0 spear (weapon)
 k - a +0 hunting sling
Missiles
 b - 5 boomerangs of dispersal
 d - 9 poisoned darts (quivered)
 l - 87 stones
Armour
 c - a +0 plate armour (worn)
 h - a +1 helmet (worn)
 m - a +0 leather armour of cold resistance
Jewellery
 n - a ring of see invisible (left hand)
Wands
 e - a wand of acid (6)
 o - a wand of flame (8)
Scrolls
 g - 2 scrolls of teleportation
Potions
 j - a potion of mutation {unknown}
 p - a potion of ambrosia {unknown}
 q - a potion of might {unknown}


   Skills:
 + Level 3.8 Fighting
 + Level 3.8 Polearms
 + Level 0.1 Slings
 + Level 2.8 Armour
 + Level 3.1 Dodging
 + Level 2.0 Stealth
 * Level 1.7 Necromancy


You had one spell level left.
You knew the following spells:

 Your Spells              Type           Power      Damage    Failure   Level
a - Vampiric Draining     Necr           3%         2d6       100%        3

Your spell library contained the following spells:

 Spells                   Type           Power      Damage    Failure   Level
 Animate Skeleton         Necr           12%        N/A       100%        1
 Pain                     Necr           24%        1d5       100%        1
 Sublimation of Blood     Necr           3%         N/A       100%        2
 Call Canine Familiar     Summ           0%         N/A       100%        3
 Portal Projectile        Hex/Tloc       0%         N/A       100%        3
 Animate Dead             Necr           3%         N/A       100%        4
 Dispel Undead            Necr           6%         3d8       100%        4
 Leda's Liquefaction      Hex/Erth       0%         N/A       100%        4
 Agony                    Necr           6%         N/A       100%        5
 Borgnjor's Vile Clutch   Necr/Erth      1%         N/A       100%        5
 Excruciating Wounds      Necr           3%         N/A       100%        5


Dungeon Overview and Level Annotations

Branches:
Dungeon (4/15)
 Temple: D:4-7

Altars:
Kikubaaqudgha
Ru
Uskayaw

Shops:
D:2 =


Innate Abilities, Weirdness & Mutations

You have large cloven feet.
You are partially covered in sharp spines.
Spells you cast may paralyse adjacent enemies.


Message History

Things that are here:
a +0 robe; a +0 dagger
There is a stone staircase leading down here.
You climb downwards.
The wyvern hisses angrily.
The wyvern is struck by your spines.
The wyvern bites you but does no damage.
The wyvern is struck by your spines. The wyvern completely misses you.
Found a blue potion.
Found a stone staircase leading down.
There is a stone staircase leading up here.
You hit the wyvern. Your kick misses the wyvern.
The wyvern is moderately wounded.
The wyvern bites you but does no damage.
You closely miss the wyvern. Your kick misses the wyvern.
The wyvern is moderately wounded.
The wyvern bites you! The wyvern bites you.
You hit the wyvern but do no damage. Your kick misses the wyvern.
The wyvern is moderately wounded.
The wyvern bites you but does no damage.
You barely miss the wyvern.
The wyvern is moderately wounded.
The wyvern is struck by your spines. The wyvern completely misses you.
You hit the wyvern but do no damage.
The wyvern is moderately wounded.
The wyvern barely misses you. The wyvern is struck by your spines.
The wyvern barely misses you.
You barely miss the wyvern. You kick the wyvern, but do no damage.
The wyvern is moderately wounded.
The wyvern bites you!
Okay, then.
It was a potion of flight.
You feel very buoyant.
You fly up into the air.
The wyvern bites you!
* * * LOW HITPOINT WARNING * * *
It was a potion of brilliance.
You feel clever all of a sudden.
The wyvern bites you but does no damage.
The wyvern bites you!
You die...
Kikubaaqudgha rasps: "You have failed me!
Welcome... death!"

. #..
...>.########
#....l@....#
#............#
!.............#
..............#
..............#
..............#
..............#
#.............#


You could see a wyvern.

Vanquished Creatures
  A hound (D:3)
  An orc priest (D:3)
  Natasha (thrice) (D:3)
  A scorpion zombie (D:3)
  An orc wizard (D:3)
  2 adders
  A worm (D:3)
  2 dart slugs (D:3)
  An orc (D:3)
  A bat (D:2)
  4 giant cockroaches (D:1)
  4 goblins
  6 hobgoblins
  2 quokkas
  2 ball pythons (D:1)
  3 frilled lizards (D:3)
  4 kobolds
  4 rats
43 creatures vanquished.

Vanquished Creatures (others)
  11 plants (D:3)
11 creatures vanquished.

Grand Total: 54 creatures vanquished

Notes
Turn   | Place    | Note
-------+----------+-------------------------------------------
     0 | D:1      | Malachi the Demonspawn Monk began the quest for the Orb.
     0 | D:1      | Reached XP level 1. HP: 18/18 MP: 1/1
   269 | D:1      | Gained mutation: You are partially covered in sharp spines.
                  | [demonic ancestry]
   269 | D:1      | Reached XP level 2. HP: 24/24 MP: 2/2
   600 | D:1      | Found a faded altar of an unknown god.
   722 | D:1      | Became a worshipper of Kikubaaqudgha
   722 | D:1      | Reached * piety under Kikubaaqudgha
   722 | D:1      | Received a gift from Kikubaaqudgha
   722 | D:1      | Reached ** piety under Kikubaaqudgha
   778 | D:2      | Found Vasurch's Jewellery Emporium.
  1050 | D:2      | Found a sacrificial altar of Ru.
  1145 | D:2      | Reached *** piety under Kikubaaqudgha
  1145 | D:2      | Received a gift from Kikubaaqudgha
  1146 | D:2      | Gained mutation: Spells you cast may paralyse adjacent
                  | enemies. [demonic ancestry]
  1146 | D:2      | Reached XP level 3. HP: 27/29 MP: 3/3
  1528 | D:3      | Reached skill level 1 in Armour
  1756 | D:3      | Noticed Natasha
  1766 | D:3      | Killed Natasha
  1767 | D:3      | Gained mutation: You have large cloven feet. [demonic
                  | ancestry]
  1767 | D:3      | Reached XP level 4. HP: 19/35 MP: 4/4
  2277 | D:3      | Learned a level 3 spell: Vampiric Draining
  2380 | D:3      | Reached XP level 5. HP: 21/42 MP: 5/5
  2775 | D:3      | Found a hide-covered altar of Uskayaw.
  2891 | D:3      | Noticed Natasha
  2902 | D:3      | Killed Natasha
  2983 | D:3      | Noticed Natasha
  2999 | D:3      | Killed Natasha
  3674 | D:4      | Noticed an ogre
  3685 | D:3      | Reached skill level 1 in Necromancy
  3734 | D:4      | Noticed a wyvern
  3742 | D:4      | Slain by a wyvern

Illustrated notes

Levels and vault maps discovered:
D:1:      ncdulo_lavacross, layout_loops_cross,
          hellmonk_ecumenical_altar_inner_sanctum
D:2:      layout_loops_ring, serial_shops, shop, basic_altar
D:3:      layout_basic, nicolae_uskayaw_suspiria, serial_bayou_pond_c,
          uniq_natasha
D:4:      layout_rooms, kennysheep_little_box, mainiacjoe_overflow_big_doors

Skill      XL: |  1  2  3  4  5 |
---------------+----------------+-----
Polearms       | 3 |  3.8
Dodging        | 3 |  3.1
Armour         | 1 2 |  2.8
Stealth        | 2 |  2.0
Necromancy     | 1 |  1.7
Fighting       | |  3.8
Slings         | |  0.1

Action                   |  1- 3 |  4- 6 || total
-------------------------+-------+-------++-------
Melee: Spear             |   104 |    69 ||   173
       Kick              |       |    22 ||    22
 Fire: Hunting sling     |     4 |       ||     4
  Use: Scroll            |     2 |       ||     2
       Potion            |       |     2 ||     2
Armor: Plate armour      |    42 |    28 ||    70
       Robe              |     1 |       ||     1
Dodge: Dodged            |     5 |     4 ||     9
